 Dungeon Crawl Stone Soup version 0.28.0-45-g0d030f2227 (webtiles) character file.

Game seed: 17543796596476396023

2091 NinjaNoafa the Skirmisher (level 9, -3/75 HPs)
             Began as a Purple Draconian Berserker on Apr 10, 2022.
             Was a Priest of Trog.
             Killed from afar by a steam dragon (8 damage)
             ... with a ball of steam
             ... on level 6 of the Dungeon.
             The game lasted 00:16:58 (6548 turns).

NinjaNoafa the Skirmisher (DrBe)                    Turns: 6548, Time: 00:16:59

Health: -3/75      AC: 10    Str: 29    XL:     9   Next: 6%
Magic:  0/9        EV: 14    Int:  9    God:    Trog [***...]
Gold:   185        SH:  0    Dex: 12    Spells: 8/8 levels left

rFire   . . .      SeeInvis .   i - +11 short sword of the Old World {vorpal, Str+8}
rCold   . . .      Faith    .   (no shield)
rNeg    . . .      Spirit   +   (armour unavailable)
rPois   .          Reflect  .   (helmet restricted)
rElec   .          Harm     .   t - +1 cloak
rCorr   .          Rampage  .   g - +0 pair of gloves
Will    +++..                   (no boots)
Stlth   +++.......              k - amulet of guardian spirit
HPRegen 1.22/turn               (no ring)
MPRegen 0.11/turn               (no ring)

@: strong-willed, regenerating
A: breathe power, AC +7, unfitting armour, cold-blooded
a: Breathe Dispelling Energy, Renounce Religion, Berserk, Trog's Hand


You were on level 6 of the Dungeon.
You worshipped Trog.
Trog was most pleased with you.
You visited 2 branches of the dungeon, and saw 7 of its levels.

You collected 185 gold pieces.

Inventory:

Hand Weapons
 a - a +0 falchion
 e - a +0 long sword
 i - the +11 short sword of the Old World (weapon) {vorpal, Str+8}
   (You found it on level 3 of the Dungeon)

   It inflicts extra damage upon your enemies.
   Str:       It affects your strength (+8).
 s - a +2 whip of distortion
Missiles
 b - 2 curare-tipped darts
Armour
 g - a +0 pair of gloves (worn)
 n - a +0 cloak
 t - a +1 cloak (worn)
Jewellery
 k - an amulet of guardian spirit (around neck)
Wands
 o - a wand of flame (17) (quivered)
 q - a wand of iceblast (12)
 r - a wand of acid (10)
Scrolls
 f - 4 scrolls of identify
 l - a scroll of immolation
 p - 2 scrolls of noise
Potions
 c - 2 potions of brilliance
 d - 2 potions of attraction


   Skills:
 + Level 5.8 Fighting
 + Level 4.9(5.7) Short Blades
 - Level 4.2(5.3) Long Blades
 + Level 5.6 Dodging
 + Level 5.7 Stealth
 + Level 5.0 Evocations


You had 8 spell levels left.
You didn't know any spells.
Your spell library was empty.

Dungeon Overview and Level Annotations

Branches:
Dungeon (6/15)             Temple (1/1) D:6

Altars:
Ashenzari
Cheibriados
Dithmenos
Elyvilon
Fedhas
Gozag
Hepliaklqana
Makhleb
Okawaru
Qazlal
Ru
Sif Muna
Trog
Uskayaw
Vehumet
Wu Jian
Xom
Yredelemnul
Zin
The Shining One

Shops:
D:4 ?   D:6 [

Portals:
Abyss: D:6


Innate Abilities, Weirdness & Mutations

You can breathe bolts of dispelling energy.
Your rich purple scales are hard. (AC +7)
You cannot fit into any form of body armour.
You are cold-blooded and may be slowed by cold attacks.


Message History

The ball of steam hits you!
* * * LOW HITPOINT WARNING * * *
Okay, then.
Your skin crawls.
You feel strong-willed.
You can no longer call in reinforcements.
The gnoll shaman hits you with a +0 whip.
* * * LOW HITPOINT WARNING * * *
You puncture the gnoll shaman!
You kill the gnoll shaman!
Trog accepts your kill.
Your ice beast is engulfed in a cloud of scalding steam.
The gnoll closely misses you.
Okay, then.
Okay, then.
Okay, then.
Really walk into that cloud of steam?
Okay, then.
The steam dragon bites your ice beast!
The steam dragon claws your ice beast but does no damage.
Your ice beast barely misses the steam dragon.
The steam dragon bites your ice beast.
The steam dragon claws your ice beast but does no damage.
As you read the scroll of fear, it crumbles to dust.
You assume a fearsome visage.
The scorpion looks frightened!
The gnoll looks frightened!
The steam dragon breathes steam at you. The ball of steam hits your ice beast!
Your ice beast dies!
Your ice beast dissolves into shadows!
The ball of steam hits you!
* * * LOW HITPOINT WARNING * * *
Your skin crawls.
You feel strong-willed.
You are engulfed in a cloud of scalding steam.
* * * LOW HITPOINT WARNING * * *
You have got your breath back.
The steam dragon breathes steam at you. The ball of steam hits you!
You die...

#............#..♣.♣.♣.♣.♣.♣. .
#............#.....♣...♣...♣ ..
#....###...#####♣.♣.♣.♣.♣.♣. ...
+....# #.........♣...♣...♣..
...#....###.........)♣.♣.♣.♣.♣.
....................)......>...
#####.............##.[..#)..+..
#######..........§§.##........###
.............§§§@§§# ###.........
..........g..D§§§§.# #........#..
.........#..D#########.....####..
..........gD.§...................
......).#...s....................
....g.†.#.)..............÷.......
......)..#g......................
.................................
................................)


There were no monsters in sight!

Vanquished Creatures
  The ghost of AverageBear the Chopper, a novice DDFi (D:6)
  A raiju (D:6)
  2 small abominations (D:6)
  An ice beast (D:4)
  A sky beast (D:6)
  A black bear (D:5)
  2 ogres (D:5)
  A kobold brigand (D:6)
  2 scorpions (D:5)
  A howler monkey (D:5)
  2 bullfrog zombies (D:5)
  A centaur zombie (D:6)
  A crimson imp (D:6)
  A centaur skeleton (D:4)
  An orc priest (D:3)
  3 hounds
  A jelly (D:6)
  A gnoll shaman (D:6)
  2 bullfrog skeletons (D:5)
  An orc wizard (D:3)
  A howler monkey zombie (D:6)
  A gnoll (D:6)
  10 adders
  2 shadow imps (D:6)
  An adder skeleton (D:4)
  2 worms (D:2)
  A dart slug (D:1)
  15 orcs
  8 endoplasms
  7 giant cockroaches
  11 goblins
  7 hobgoblins
  16 jackals
  6 kobolds
  3 quokkas
  7 ball pythons
  5 bats
  4 frilled lizards (D:1)
  A jackal skeleton (D:4)
  5 rats
140 creatures vanquished.

Vanquished Creatures (collateral kills)
  A gnoll (D:6)
1 creature vanquished.

Vanquished Creatures (others)
  A gnoll (D:6)
1 creature vanquished.

Grand Total: 142 creatures vanquished

Notes
Turn   | Place    | Note
-------+----------+-------------------------------------------
     0 | D:1      | NinjaNoafa the Draconian Berserker began the quest for the
                  | Orb.
     0 | D:1      | Reached XP level 1. HP: 19/19 MP: 1/1
   168 | D:1      | Reached XP level 2. HP: 14/26 MP: 2/2
   192 | D:1      | HP: 1/26 [jackal (2)]
  1021 | D:1      | Reached XP level 3. HP: 30/33 MP: 3/3
  1412 | D:1      | Reached ** piety under Trog
  1645 | D:2      | Reached XP level 4. HP: 17/40 MP: 4/4
  2782 | D:3      | Reached XP level 5. HP: 36/47 MP: 5/5
  3136 | D:3      | Reached skill level 1 in Stealth
  3176 | D:3      | Reached *** piety under Trog
  3312 | D:3      | Identified the +11 short sword of the Old World {vorpal,
                  | Str+8}
  3968 | D:4      | Found Kexteanky's Magic Scroll Shop.
  4045 | D:4      | Reached skill level 5 in Fighting
  4109 | D:4      | Reached XP level 6. HP: 56/56 MP: 6/6
  4175 | D:4      | Found an opulent altar of Gozag.
  4179 | D:4      | Reached skill level 1 in Short Blades
  4255 | D:4      | Noticed an ice beast
  4261 | D:4      | Killed an ice beast
  4627 | D:5      | Entered Level 5 of the Dungeon
  4752 | D:5      | Your scales start taking on a rich purple colour.
  4752 | D:5      | Reached XP level 7. HP: 44/61 MP: 7/7
  5062 | D:5      | Reached skill level 1 in Evocations
  5609 | D:5      | Found a basalt altar of Yredelemnul.
  5797 | D:6      | Found Qotedo's Armour Shop.
  5810 | D:6      | Reached skill level 5 in Stealth
  5810 | D:6      | Reached XP level 8. HP: 62/68 MP: 6/8
  5843 | D:6      | Found a staircase to the Ecumenical Temple.
  5849 | Temple   | Entered the Ecumenical Temple
  6118 | D:6      | Found a transporter.
  6142 | D:6      | Noticed a raiju
  6143 | D:6      | Found a transporter.
  6143 | D:6      | Found a one-way gate to the infinite horrors of the Abyss.
  6143 | D:6      | Noticed AverageBear's ghost (novice DDFi)
  6165 | D:6      | Killed AverageBear's ghost
  6166 | D:6      | Reached skill level 5 in Dodging
  6175 | D:6      | Killed a raiju
  6437 | D:6      | Reached XP level 9. HP: 73/75 MP: 7/9
  6463 | D:6      | Reached **** piety under Trog
  6529 | D:6      | Reached skill level 5 in Evocations
  6547 | D:6      | HP: 3/75 [something] (2)]
  6548 | D:6      | Killed from afar by a steam dragon

Illustrated notes

Levels and vault maps discovered:
D:1:      heliophobic_arrival_battle_scene, layout_loops_cross
D:2:      layout_loops_ring, hex_tiny, serial_bayou_ford_a
D:3:      wad_pebble_path, layout_basic, st_stairs_13
D:4:      layout_loops_corners, mainiacjoe_overflow_boulevard, serial_shops,
          nicolae_shop_competitors_out_of_business
D:5:      layout_basic, lemuel_zombie_altar_yredelemnul
D:6:      layout_basic, minmay_temple_entry_statues_pillars,
          gammafunk_ghost_abyssal_escape, serial_shops, nicolae_square_shop,
          kennysheep_crisscross
Temple:   dpeg_five_rooms_temple

Skill      XL: |  1  2  3  4  5  6  7  8  9 |
---------------+----------------------------+-----
Dodging        | 3 4 5 |  5.6
Fighting       | 4 5 |  5.8
Long Blades    | 4 |  4.2
Stealth        | 1 3 5 |  5.7
Short Blades   | 3 4 |  4.9
Evocations     | 3 4 5 |  5.0

Action                   |  1- 3 |  4- 6 |  7- 9 || total
-------------------------+-------+-------+-------++-------
Melee: Falchion          |   131 |   123 |       ||   254
       Tailslap          |    17 |    19 |     7 ||    43
       Punch             |     1 |     1 |     2 ||     4
       Long sword        |       |     6 |       ||     6
       Short sword       |       |    40 |    78 ||   118
Invok: Berserk           |     2 |       |       ||     2
       Trog's Hand       |     1 |       |     2 ||     3
 Abil: Breathe Dispellin |       |       |     5 ||     5
Evoke: Wand              |       |       |     8 ||     8
  Use: Scroll            |     2 |     5 |     3 ||    10
       Potion            |       |       |     2 ||     2
 Stab: Sleeping          |     2 |     2 |       ||     4
Armor: Skin              |    56 |    72 |    40 ||   168
Dodge: Dodged            |   117 |   114 |    66 ||   297
